 Dungeon Crawl Stone Soup version 0.27.1-34-g3ba077fa99 (webtiles) character file.

Game seed: 8784805845201439244

85 Arum the Shield-Bearer (level 4, -1/37 HPs)
             Began as a Formicid Fighter on Jan 4, 2022.
             Slain by a gnoll (4 damage)
             ... on level 2 of the Dungeon.
             The game lasted 00:01:49 (1529 turns).

Arum the Shield-Bearer (Formicid Fighter)           Turns: 1529, Time: 00:01:50

Health: -1/37      AC:  6    Str: 21    XL:     4   Next: 75%
Magic:  4/4        EV:  8    Int:  7    God:
Gold:   102        SH:  9    Dex: 11    Spells: 3/3 levels left

rFire    . . .     SeeInvis +   a - +0 quarterstaff
rCold    . . .     Faith    .   c - +0 kite shield
rNeg     . . .     Spirit   .   b - +0 scale mail
rPois    .         Reflect  .   (helmet unavailable)
rElec    .         Harm     .   (no cloak)
rCorr    .         Rampage  .   (no gloves)
Will     .....                  (no boots)
Stlth    ..........             (no amulet)
HPRegen  0.12/turn              (no ring)
MPRegen  0.09/turn              (no ring)

@: no status effects
A: permanent stasis, dig shafts and tunnels, antennae 3, four strong arms
a: Dig, Shaft Self


You were on level 2 of the Dungeon.
You visited 1 branch of the dungeon, and saw 2 of its levels.

You collected 102 gold pieces.

Inventory:

Hand Weapons
 a - a +0 quarterstaff (weapon)
Armour
 b - a +0 scale mail (worn)
 c - a +0 kite shield (worn)
Scrolls
 e - 2 scrolls of fog {unknown}
 h - 2 scrolls of teleportation {unknown}
 j - 3 scrolls of identify {unknown}
 k - a scroll of magic mapping {unknown}
Potions
 d - a potion of might
 f - a potion of degeneration {unknown}
 g - 2 potions of curing {unknown}
 i - a potion of invisibility {unknown}


   Skills:
 + Level 3.7 Fighting
 + Level 3.5 Staves
 - Level 3.2 Armour
 + Level 0.6 Dodging
 + Level 4.4 Shields


You had 3 spell levels left.
You didn't know any spells.
Your spell library was empty.

Dungeon Overview and Level Annotations

Branches:
Dungeon (2/15)

Altars:


Innate Abilities, Weirdness & Mutations

You cannot be hasted, slowed, berserked, paralysed or teleported.
You can dig through walls and to a lower floor.
You have a pair of large antennae on your head. (SInv)
Your four strong arms can wield two-handed weapons with a shield.


Message History

You thump the gnoll!
You kill the gnoll!
You block the gnoll's attack.
You hit the gnoll.
The gnoll is moderately wounded.
You block the gnoll's attack.
You closely miss the gnoll.
The gnoll is moderately wounded.
The gnoll closely misses you.
You hit the gnoll.
The gnoll is heavily wounded.
The gnoll hits you with a +0 spear.
You sock the gnoll!
You kill the gnoll!
The gnoll hits you with a +0 flail.
You are too injured to fight recklessly!
You are too injured to fight recklessly!
You are too injured to fight recklessly!
You are too injured to fight recklessly!
You are too injured to fight recklessly!
You are too injured to fight recklessly!
You are too injured to fight recklessly!
You are too injured to fight recklessly!
You are too injured to fight recklessly!
You are too injured to fight recklessly!
You are too injured to fight recklessly!
You are too injured to fight recklessly!
You are too injured to fight recklessly!
You are too injured to fight recklessly!
You are too injured to fight recklessly!
You are too injured to fight recklessly!
You completely miss the gnoll. The gnoll hits you with a +0 flail!
* * * LOW HITPOINT WARNING * * *
You barely miss the gnoll. You block the gnoll's attack.
Your shield prevents you from hitting the gnoll.
You block the gnoll's attack.
You closely miss the gnoll. The gnoll hits you with a +0 flail.
* * * LOW HITPOINT WARNING * * *
The gnoll hits you with a +0 flail.
You die...

.#.## ##.# #.##........#
....# #.###.##.†......#
.#.## #..##.##<.).....#
....#####.##.##........#
.#.#...##.##.##........#
.......##.##.###########
.#.#...##..#.####
.......##..#.##g##
.#.##.####.....#@#
###...# #.#.#.###
#.#.####.#.#g#
###........#.#g#
...........#...#
.............#.g
..........#.....
..........(......
............ ....


You could see a gnoll.

Vanquished Creatures
  3 gnolls (D:2)
  2 adders (D:2)
  A dart slug (D:1)
  3 endoplasms (D:2)
  A giant cockroach (D:2)
  6 goblins
  2 hobgoblins
  A jackal (D:1)
  2 quokkas
  2 ball pythons
  4 bats
  2 frilled lizards (D:1)
  3 kobolds
  9 rats
41 creatures vanquished.

Notes
Turn   | Place    | Note
-------+----------+-------------------------------------------
     0 | D:1      | Arum the Formicid Fighter began the quest for the Orb.
     0 | D:1      | Reached XP level 1. HP: 18/18 MP: 1/1
   136 | D:1      | Found a faded altar of an unknown god.
   240 | D:1      | Reached skill level 4 in Shields
   244 | D:1      | Reached XP level 2. HP: 20/24 MP: 2/2
   664 | D:1      | Reached XP level 3. HP: 29/29 MP: 3/3
  1249 | D:2      | Reached XP level 4. HP: 26/35 MP: 4/4
  1529 | D:2      | Slain by a gnoll

Illustrated notes

Levels and vault maps discovered:
D:1:      mrwooster_arrival_statue, layout_basic,
          chequers_ecumenical_altar_grove, minmay_domino_2
D:2:      layout_basic, st_stairs_12, kennysheep_generic_room_4

Skill      XL: |  1  2  3 |
---------------+----------+-----
Shields        | 4 |  4.4
Staves         | 3 |  3.5
Fighting       | |  3.7
Armour         | |  3.2
Dodging        | |  0.6

Action                   |  1- 3 |  4- 6 || total
-------------------------+-------+-------++-------
Melee: Quarterstaff      |   111 |    24 ||   135
 Abil: Dig               |       |     1 ||     1
Armor: Scale mail        |    56 |     3 ||    59
Dodge: Dodged            |    47 |     2 ||    49
Block: Kite shield       |    70 |     7 ||    77
